 Dungeon Crawl Stone Soup version 0.25.1-8-g42b30a86e7 (webtiles) character file.

Game seed: 4796880015686838811

573 DearestLeader the Chopper (level 7, -2/59 HPs)
             Began as a Minotaur Fighter on Nov 30, 2020.
             Slain by an ogre
             ... wielding a +0 giant club
              (13 damage)
             ... on level 4 of the Dungeon.
             The game lasted 00:07:42 (4532 turns).

DearestLeader the Chopper (Minotaur Fighter)        Turns: 4532, Time: 00:07:43

Health: -2/59      AC:  7    Str: 23    XL:     7   Next: 12%
Magic:  6/6        EV: 12    Int:  5    God:
Gold:   187        SH: 10    Dex:  9    Spells: 6/6 levels left

rFire    . . .     SeeInvis .   a - +0 war axe
rCold    . . .     Gourm    .   c - +0 kite shield
rNeg     . . .     Faith    .   b - +0 scale mail
rPois    .         Spirit   .   (helmet restricted)
rElec    .         Reflect  .   (no cloak)
rCorr    .         Harm     .   (no gloves)
MR       .....     Rnd*Tele +   (no boots)
Stlth    ..........             (no amulet)
HPRegen  0.19/turn              g - ring of teleportation (curse)
MPRegen  0.10/turn              z - +4 ring of evasion

@: no status effects
A: retaliatory headbutt, horns 2
a: no special abilities


You were on level 4 of the Dungeon.
You were not hungry.

You visited 2 branches of the dungeon, and saw 5 of its levels.

You collected 187 gold pieces.

Inventory:

Hand Weapons
 a - a +0 war axe (weapon)
Missiles
 k - 15 poisoned darts (quivered)
 B - 8 curare-tipped darts
Armour
 b - a +0 scale mail (worn)
 c - a +0 kite shield (worn)
Jewellery
 g - a cursed ring of teleportation (left hand)
 h - an uncursed ring of fire
 w - an uncursed ring of wizardry
 z - a +4 ring of evasion (right hand)
Wands
 r - a wand of digging (1)
Scrolls
 i - 5 scrolls of enchant armour
 j - a scroll of teleportation {unknown}
 l - 2 scrolls of noise {unknown}
 m - 2 scrolls of immolation
 q - a scroll of remove curse
 t - a scroll of fog {unknown}
 v - a scroll of identify
 y - a scroll of magic mapping {unknown}
Potions
 d - 3 potions of might
 e - 2 potions of stabbing {unknown}
 n - a potion of flight {unknown}
 o - a potion of curing {unknown}
 p - 2 potions of degeneration {unknown}
 s - 2 potions of invisibility {unknown}
 x - a potion of resistance {unknown}
 A - a potion of ambrosia {unknown}
Comestibles
 f - 6 rations
 u - a chunk of flesh


   Skills:
 + Level 4.1 Fighting
 * Level 6.7 Axes
 + Level 5.7 Armour
 + Level 5.7 Shields


You had 6 spell levels left.
You didn't know any spells.
Your spell library was empty.

Dungeon Overview and Level Annotations

Branches:
Dungeon (4/15)             Temple (1/1) D:4

Altars:
Ashenzari
Cheibriados
Dithmenos
Fedhas
Gozag
Hepliaklqana
Nemelex Xobeh
Qazlal
Sif Muna
Trog
Vehumet
Xom
Yredelemnul


Innate Abilities, Weirdness & Mutations

You reflexively headbutt those who attack you in melee.
You have a pair of horns on your head.


Message History

You hit the bullfrog skeleton. You barely miss the hound.
You block the hound's attack.
You block the bullfrog skeleton's attack.
The ogre hits you with a +0 giant club!!
The hound bites you.
The bullfrog skeleton barely misses you.
The hound bites you.
* * * LOW HITPOINT WARNING * * *
The hound barely misses you. You furiously retaliate!
You headbutt the hound.
A worker ant comes into view.
The worker ant twitches its antennae in your direction.
Found 17 gold pieces.
You block the hound's attack. The hound bites you but does no damage.
The worker ant closely misses you. You furiously retaliate!
You headbutt the worker ant, but do no damage.
The hound bites you.
* * * LOW HITPOINT WARNING * * *
The ogre hits you with a +0 giant club!
You die...

###......#
####........#
......(.....#
#####......## .#
##.....# ..
#.....# ##
##Z....#
######Oh....##
#....@aO.....#
....#####......!#
. #.........
#..........
..##..###.. ..##
..# #$ .# .##


You could see 2 ogres, a hound, a worker ant and a bullfrog skeleton.

Vanquished Creatures
  An ogre (D:4)
  A scorpion (D:4)
  An orc priest (D:3)
  A worker ant (D:4)
  3 orc wizards
  Natasha (thrice) (D:2)
  A hound skeleton (D:4)
  10 adders
  4 worms
  2 dart slugs
  3 leopard geckos
  15 orcs
  3 giant cockroaches
  16 goblins
  18 hobgoblins
  7 jackals
  A kobold (D:3)
  A ball python (D:2)
  6 bats
  4 frilled lizards
  9 rats
110 creatures vanquished.

Notes
Turn   | Place    | Note
-------+----------+-------------------------------------------
     0 | D:1      | DearestLeader the Minotaur Fighter began the quest for the
                  | Orb.
     0 | D:1      | Reached XP level 1. HP: 19/19 MP: 0/0
   131 | D:1      | Reached skill level 3 in Axes
   131 | D:1      | Reached XP level 2. HP: 24/26 MP: 1/1
   559 | D:1      | Reached XP level 3. HP: 31/31 MP: 2/2
   798 | D:2      | Found a sparkling altar of Nemelex Xobeh.
   820 | D:2      | Noticed Natasha
   826 | D:2      | Killed Natasha
   826 | D:2      | Reached skill level 4 in Axes
   826 | D:2      | Reached XP level 4. HP: 19/39 MP: 3/3
  1397 | D:2      | Noticed Natasha
  1408 | D:2      | Killed Natasha
  1575 | D:2      | Noticed Natasha
  1584 | D:2      | Killed Natasha
  1584 | D:2      | Reached XP level 5. HP: 40/46 MP: 4/4
  2190 | D:3      | Reached skill level 5 in Axes
  2596 | D:3      | Reached skill level 5 in Armour
  2652 | D:3      | Reached skill level 5 in Shields
  2917 | D:3      | Reached XP level 6. HP: 52/52 MP: 5/5
  3439 | D:3      | Found a stormy altar of Qazlal.
  3447 | D:3      | Found a blossoming altar of Fedhas.
  3447 | D:3      | Found a hazy altar of Hepliaklqana.
  3825 | D:4      | Reached skill level 6 in Axes
  3942 | D:4      | Found a staircase to the Ecumenical Temple.
  4223 | Temple   | Entered the Ecumenical Temple
  4397 | D:4      | Reached XP level 7. HP: 56/59 MP: 6/6
  4532 | D:4      | Slain by an ogre

Illustrated notes

Levels and vault maps discovered:
D:1:      wander_arrival_estate, layout_loops_ring
D:2:      layout_basic, marbit_many_paths, uniq_natasha
D:3:      cheibrodos_greedy_goblins, layout_loops_corners,
          grunt_temple_overflow_open
D:4:      layout_layer_cave, minmay_temple_entry_grid, led_sif_book
Temple:   nicolae_temple_figure_zero

Skill      XL: |  1  2  3  4  5  6 |
---------------+-------------------+-----
Axes           | 3 4 5 6 |  6.7
Armour         | 4 5 |  5.7
Shields        | 4 5 |  5.7
Fighting       | 4 |  4.1

Action                   |  1- 3 |  4- 6 |  7- 9 || total
-------------------------+-------+-------+-------++-------
Melee: War axe           |    54 |   191 |    13 ||   258
       Headbutt          |     7 |    31 |     2 ||    40
Throw: Dart              |       |    10 |       ||    10
  Use: Scroll            |       |     3 |       ||     3
  Eat: Chunk             |       |    11 |     1 ||    12
Armor: Scale mail        |    24 |    71 |     5 ||   100
Dodge: Dodged            |    15 |    58 |    12 ||    85
Block: Kite shield       |    35 |    93 |     8 ||   136
